 Dungeon Crawl Stone Soup version 0.30-a0-377-g5cb311bc9f (webtiles) character file.

Game seed: 13983868983844634853

584 Raultor the Changer (level 7, 0/48 HPs)
             Began as an Octopode Transmuter on Nov 29, 2022.
             Was an Initiate of Ashenzari.
             Slain by a hound (4 damage)
             ... on level 5 of the Dungeon.
             The game lasted 00:07:13 (3332 turns).

Raultor the Changer (Octopode Transmuter)           Turns: 3332, Time: 00:07:14

Health: 0/48       AC:  1    Str: 14    XL:     7   Next: 37%
Magic:  19/19      EV: 13    Int: 15    God:    Ashenzari [......]
Gold:   214        SH:  5    Dex: 14    Spells: 3/10 levels left

rFire   . . .      SeeInvis .    m - +9 whip "Beastbane" {vorpal, MP+9 Str+4}
rCold   + . .      Faith    .    (no shield)
rNeg    . . .      Spirit   .    (helmet currently unavailable)
rPois   +          Reflect  +    o - amulet of reflection
rElec   .          Harm     .    P - ring of poison resistance
rCorr   .          Rampage  .    C - ring of protection from cold
Will    .....                    (no ring)
Stlth   ++........               (no ring)
HPRegen 0.28/turn                (no ring)
MPRegen 0.16/turn                (no ring)
                                 (no ring)
                                 (no ring)

@: appendages (expiring), wereblooded (expiring), flying
A: tentacle spike 3, almost no armour, amphibious, 8 rings, camouflage 1,
gelatinous body 1, (nimble swimmer 1), tentacles
a: End Transformation, Renounce Religion


You were on level 5 of the Dungeon.
You worshipped Ashenzari.
Ashenzari was noncommittal.
One of your tentacles had grown a beastly spike.
You visited 2 branches of the dungeon, and saw 6 of its levels.

You collected 214 gold pieces.


Innate Abilities, Weirdness & Mutations

One of your tentacles has grown a beastly spike.
You cannot wear most types of armour.
You are amphibious.
You can wear up to eight rings at the same time.
Your skin changes colour to match your surroundings (Stealth+).
Your rubbery body absorbs attacks. (AC +1, EV +1)
((You are camouflaged when in or above water. (Stealth+)))
You have tentacles for arms and can constrict up to eight enemies at once.


   Skills:
 + Level 4.0 Fighting
 - Level 2.0 Dodging
 - Level 3.5 Unarmed Combat
 - Level 2.0 Spellcasting
 + Level 5.8 Transmutations
 * Level 2.4 Ice Magic


You had 3 spell levels left.
You knew the following spells:

 Your Spells              Type           Power      Damage    Failure   Level
b - Beastly Appendage     Tmut           38%        N/A       1%          1
c - Ice Form              Ice/Tmut       13%        N/A       38%         4
w - Wereblood             Tmut           19%        N/A       3%          2

Your spell library contained the following spells:

 Spells                   Type           Power      Damage    Failure   Level
 Ensorcelled Hibernation  Hex/Ice        10%        N/A       21%         2
 Spider Form              Tmut/Pois      10%        N/A       21%         3
 Foxfire                  Conj/Fire      4%         2x1d4     22%         1
 Magic Dart               Conj           4%         1d3       22%         1
 Call Imp                 Summ           1%         N/A       32%         2
 Mephitic Cloud           Conj/Pois/Air  1%         N/A       54%         3
 Anguish                  Hex/Necr       0%         N/A       91%         4
 Fireball                 Conj/Fire      0%         3d3       99%         5
 Starburst                Conj/Fire      0%         6d3       100%        6

Inventory:

Hand Weapons
 m - the +9 whip "Beastbane" (weapon) {vorpal, MP+9 Str+4}
   (You found it on level 3 of the Dungeon)

   It inflicts extra damage upon your enemies.
   Str:       It affects your strength (+4).
   MP:        It affects your magic capacity (+9).
Missiles
 b - 2 throwing nets {=f}
Jewellery
 o - an amulet of reflection (around mantle)
 C - a ring of protection from cold (right tentacle)
 P - a ring of poison resistance (left tentacle)
Wands
 r - a wand of digging (3)
Scrolls
 c - 3 scrolls of identify {unknown}
 d - a scroll of blinking {unknown}
 e - a scroll of enchant weapon {unknown}
 g - a scroll of fog {unknown}
 j - a scroll of immolation {unknown}
 k - 2 scrolls of teleportation {unknown}
 n - 2 scrolls of fear {unknown}
 q - a scroll of torment {unknown}
 t - a scroll of summoning {unknown}
 u - a scroll of poison {unknown}
Potions
 a - 2 potions of lignification
 f - a potion of heal wounds {unknown}
 h - a potion of haste {unknown}
 i - 4 potions of curing {unknown}
 l - 2 potions of resistance {unknown}
 p - a potion of flight
 s - a potion of cancellation {unknown}

Dungeon Overview and Level Annotations

Branches:
Dungeon (5/15)             Temple (1/1) D:5

Altars:
Ashenzari
Dithmenos
Fedhas
Gozag
Makhleb
Nemelex Xobeh
Okawaru
Yredelemnul
Zin

.###. ............# #..##
▒▒▒▒▒▒▒▒▒▒..# ###.#.. ##...
#▒.. ##...#.. #..... ▒..
.......########...... ▒..
##..8.#......#...... ▒.#
#.....#≈≈≈≈≈≈....# ▒.#
##.......(..ghg...# ▒.#
#...........@hg...# ▒.#
#.....(#≈≈≈≈≈≈....# ▒.#
▒.#....8.#.....g#..g... ▒.#
.........########...... ▒†#
.......(..▒▒▒▒▒▒ ..... ▒.#
...........)...▒# ##... #▒.#
...##.......##..▒▒▒▒▒▒▒▒▒▒▒▒..#
### ####.(.#..................#
###...#...........#..###


You could see a gnoll sergeant, a hound, 4 gnolls and a jackal.


Message History

Your transformation is almost over.
You howl as the wereblood boils in your veins!
The gnoll shouts!
A gnoll comes into view. It is wielding a +0 club.
A hound comes into view.
The gnoll sergeant closely misses you.
The jackal bites you but does no damage.
The jackal bites you. The gnoll hits you. You block the hound's attack.
The gnoll hits you with a +0 flail!
The gnoll sergeant hits you with a +0 spear!
* * * LOW HITPOINT WARNING * * *
The gnoll attacks as you move away! The gnoll hits you.
* * * LOW HITPOINT WARNING * * *
You block the jackal's attack. The jackal completely misses you.
The gnoll sergeant hits you with a +0 spear!
* * * LOW HITPOINT WARNING * * *
The hound bites you.
* * * LOW HITPOINT WARNING * * *
It was a potion of flight.
You feel very buoyant.
You fly up into the air.
Your primal bloodlust is almost over.
The hound misses you. The jackal barely misses you.
The gnoll sergeant hits you with a +0 spear.
* * * LOW HITPOINT WARNING * * *
You whack the gnoll sergeant! You grab the gnoll sergeant.
You pierce the gnoll sergeant, but do no damage.
The gnoll sergeant is moderately wounded.
You constrict the gnoll sergeant. The hound bites you.
You die...

Skill      XL: |  1  2  3  4  5  6  7 |
---------------+----------------------+-----
Fighting       | 2 3 4 |  4.0
Transmutations | 3 4 5 |  5.8
Ice Magic      | 1 2 |  2.4
Dodging        | |  2.0
Unarmed Combat | |  3.5
Spellcasting   | |  2.0

Action                   |  1- 3 |  4- 6 |  7- 9 || total
-------------------------+-------+-------+-------++-------
Melee: Unarmed           |    49 |     1 |       ||    50
       Constrict         |    14 |     9 |     3 ||    26
       Tentacles         |     6 |     8 |     4 ||    18
       Kick              |     4 |    10 |     2 ||    16
       Whip              |       |    53 |    11 ||    64
       Punch             |       |     3 |       ||     3
 Cast: Beastly Appendage |     5 |    11 |     3 ||    19
       Wereblood         |       |       |     1 ||     1
  Use: Potion            |       |       |     1 ||     1
 Stab: Sleeping          |     4 |     1 |       ||     5
Armor: Skin              |       |     3 |     1 ||     4
Dodge: Dodged            |    33 |    19 |    10 ||    62
Block: Other             |       |     8 |     3 ||    11
       Reflection        |       |       |     1 ||     1

Levels and vault maps discovered:
D:1:      ncdulo_smallfort, layout_loops_corners, basic_ecumenical_altar
D:2:      layout_loops_ring
D:3:      layout_rooms, serial_park_tiny_2, uniq_crazy_yiuf_cottage
D:4:      layout_basic, minmay_misc_feat_diagonals
D:5:      layout_cave_pods, minmay_temple_entry_statues_pillars, serial_shops,
          shop, serial_gnoll_camp, gnoll_camp_medium_01, gnoll_camp_mini_hut,
          gnoll_camp_mini_shop, gnoll_camp_mini_basic, gnoll_camp_mini_hut,
          nicolae_zen_rock_garden, uniq_eustachio
Temple:   nicolae_temple_superstar

Notes
Turn   | Place    | Note
-------+----------+-------------------------------------------
     0 | D:1      | Raultor the Octopode Transmuter began the quest for the
                  | Orb.
     0 | D:1      | Reached XP level 1. HP: 13/13 MP: 3/3
   279 | D:1      | Reached XP level 2. HP: 18/18 MP: 5/5
   740 | D:1      | Found a faded altar of an unknown god.
  1021 | D:2      | Reached XP level 3. HP: 18/23 MP: 6/6
  1024 | D:2      | Learned a level 2 spell: Wereblood
  1277 | D:2      | Reached skill level 2 in Fighting
  1277 | D:2      | Reached skill level 3 in Transmutations
  1523 | D:3      | Reached XP level 4. HP: 27/29 MP: 7/7
  1563 | D:3      | Identified the +9 whip "Beastbane" {vorpal, MP+9 Str+4}
  2082 | D:3      | Found a runed translucent door.
  2083 | D:3      | Noticed Crazy Yiuf
  2090 | D:3      | Killed Crazy Yiuf
  2173 | D:4      | Noticed a scorpion
  2178 | D:4      | Killed a scorpion
  2179 | D:4      | Reached skill level 4 in Transmutations
  2179 | D:4      | Reached XP level 5. HP: 20/36 MP: 8/8
  2281 | D:4      | Reached skill level 3 in Fighting
  2417 | D:4      | Reached XP level 6. HP: 24/42 MP: 9/9
  2525 | D:4      | Reached skill level 5 in Transmutations
  2665 | D:4      | Learned a level 4 spell: Ice Form
  3010 | D:5      | Entered Level 5 of the Dungeon
  3017 | D:5      | Found a staircase to the Ecumenical Temple.
  3029 | Temple   | Entered the Ecumenical Temple
  3059 | Temple   | Became a worshipper of Ashenzari the Shackled
  3201 | D:5      | Reached skill level 1 in Ice Magic
  3228 | D:5      | Reached XP level 7. HP: 47/47 MP: 10/10
  3266 | D:5      | Reached skill level 2 in Ice Magic
  3291 | D:5      | Reached skill level 4 in Fighting
  3331 | D:5      | HP: 4/48 [gnoll sergeant/+0 spear (4)]
  3332 | D:5      | Slain by a hound

Vanquished Creatures
  An ogre (D:4)
  A necrophage (D:5)
  2 scorpions
  A howler monkey (D:5)
  Crazy Yiuf (D:3)
  A hound (D:2)
  2 jellies (D:4)
  A gnoll bouda (D:5)
  3 gnolls (D:5)
  3 adders
  2 worms (D:4)
  2 orcs
  5 endoplasms
  6 goblins
  4 hobgoblins
  3 jackals (D:4)
  4 quokkas
  9 ball pythons
  2 bats
  A frilled lizard (D:2)
  7 kobolds
  3 rats
64 creatures vanquished.

Table legend: (Time is in decaauts)
 A = Elapsed time spent in this place.
 B = Non-inter-level travel time spent in this place.
 C = Inter-level travel time spent in this place.
 D = Time resting spent in this place.
 E = Time spent auto-exploring this place.
 F = Levels seen in this place.
 G = Mean time per level.
                   A        B        C        D        E       F      G
               +--------+--------+--------+--------+--------+-----+--------+
         Total |   3333 |   3230 |    103 |     46 |   2573 |   6 |  555.5 |
       Dungeon |   3287 |   3198 |     89 |     46 |   2552 |   5 |  657.4 |
        Temple |     45 |     31 |     14 |      0 |     21 |   1 |   45.0 |
               +--------+--------+--------+--------+--------+-----+--------+

Top non-repeatable levels by time:
     D:4: 879 daAuts
     D:1: 818 daAuts
     D:2: 695 daAuts
     D:3: 616 daAuts
     D:5: 277 daAuts
  Temple: 45 daAuts

Table legend:
 A = Non-vault XP
 B = Vault XP
 C = Vault XP percentage of total XP
 D = Non-vault monster count
 E = Vault monster count
 F = Vault count percentage of total count
                 A         B        C        D         E       F
            +---------+---------+-------+---------+---------+-------
      Total |     707 |     128 |  15.3 |      59 |       5 |   7.8
            +---------+---------+-------+---------+---------+-------
        D:1 |      17 |       0 |   0.0 |      11 |       0 |   0.0
        D:2 |      64 |       0 |   0.0 |      12 |       0 |   0.0
        D:3 |      32 |      45 |  58.4 |      12 |       1 |   7.7
        D:4 |     362 |       0 |   0.0 |      20 |       0 |   0.0
        D:5 |     232 |      83 |  26.3 |       4 |       4 |  50.0
            +---------+---------+-------+---------+---------+-------
